 Dungeon Crawl Stone Soup version 0.17-a0-1838-g891d947 (console) character file.

100 utis the Cudgeler (level 4, 34/38 HPs)
             Began as a Centaur Chaos Knight on Sept 15, 2015.
             Quit the game on level 2 of the Dungeon.
             The game lasted 00:06:52 (2527 turns).

utis the Cudgeler (Centaur Chaos Knight)            Turns: 2527, Time: 00:06:52

Health: 34/38      AC:  7    Str: 14    XL:     4   Next: 47%
Magic:  4/4        EV:  9    Int: 13    God:    Xom [*.....]
Gold:   118        SH:  0    Dex: 10    Spells: 0 memorised, 3 levels left

rFire  . . .     SeeInvis .     j - +1 dagger (elec) {=f}
rCold  . . .     Clarity  .     b - +3 leather armour
rNeg   . . .     SustAt   .     (no shield)
rPois  .         Gourm    .     (no helmet)
rElec  .         Spirit   .     (no cloak)
rCorr  .         Warding  .     (no gloves)
rMut   .         Stasis   .     (no barding)
MR     .....                    (no amulet)
Stlth  ..........               t - ring of flight
                                (no ring)

@: drained, very quick, not resistant to hostile enchantments, extremely
unstealthy
A: hooves 3, clever 1, deformed body, speed 2, sense surroundings 1, tough skin
3
a: Renounce Religion, Evoke Flight


You were on level 2 of the Dungeon.
You worshipped Xom.
You were a special plaything of Xom.
You were hungry.

You visited 1 branch of the dungeon, and saw 3 of its levels.

You collected 118 gold pieces.

Inventory:

Hand weapons
 a - a +0 mace of chaos
 j - a +1 dagger of electrocution (weapon) {=f}
 q - a +0 war axe
Missiles
 h - 179 stones (quivered)
Armour
 b - a +3 leather armour (worn)
 k - a +0 scale mail
Jewellery
 m - an uncursed ring of teleportation
 t - a ring of flight (right hand)
Scrolls
 s - a scroll of fog {unknown}
Potions
 e - a potion of agility
 f - a potion of invisibility {unknown}
 g - a potion of resistance {unknown}
 l - a potion of ambrosia {unknown}
Comestibles
 c - 2 bread rations
 i - a meat ration
 p - 3 fruits


   Skills:
 - Level 3.0(2.7) Fighting
 + Level 3.0(2.7) Short Blades
 - Level 3.5(3.3) Maces & Flails
 - Level 1.3(1.1) Armour
 - Level 0.6(0.3) Dodging


You had 3 spell levels left.
You didn't know any spells.

Dungeon Overview and Level Annotations

Branches:
Dungeon (3/15)

Altars:


Innate Abilities, Weirdness & Mutations

You have hooves in place of feet.
Armour fits poorly on your strangely shaped body.
You cover ground very quickly.
You have extremely tough skin (AC +3).
Your mind is acute. (Int +2)
You passively map a small area around you.


Message History

You miss something. Something hits you but does no damage.
Space bends around you.
* * * LOW HITPOINT WARNING * * *
The orc barely misses you.
You feel sick.
You feel sick.
You feel sick.
There is a stone staircase leading up here.
You climb upwards.
There is a stone staircase leading down here.
You start resting.
You feel sick. x3
You are no longer poisoned.
You start resting.
Some of the chunks of flesh in your inventory have rotted away.
You start resting.
All of the chunks of flesh in your inventory have rotted away.
You start resting.
You are feeling hungry.
Are you sure you want to abandon this character and quit the game? (Confirm with "yes".)

▓.........➘...▓
▓.▓▓▓▓▓▓▓▓▓▓▓.▓▓▓▓▓▓▓
▓.▓ ▓.........▓ ▓.▓
▓.▓.▓▓▓▓.▓▓
▓▓▓▓▓▓▓▓▓▓▓▓.▓
▓.▓.▓▓▓▓.▓
▓............▓
▓.▓.▓.➘..▓
▓.▓▓▓▓▓▓▓▓▓▓▓▓▓▓▓▓▓▓
▓.▓.▓.▓▓▓▓
▓.▓▓▓▓.............▓
▓.▓.▓.▓
................c▓.▓
▓.▓.▓.▓
▓..▓▓▓.▓▓▓▓▓▓▓▓▓.▓.▓
▓.▓.▓.▓ ▓..▓ ▓.▓
▓.▓.▓ ▓.▓.▓.▓
▓..▓▓▓.▓ ▓.▓.▓
▓.▓...▓ ▓....▓.▓
▓.▓.▓ ▓.▓▓▓▓▓
▓▓.▓.▓.▓ ▓.▓.▓ ▓.▓
...▓.▓.▓ ▓.▓.▓▓▓.▓
▓▓.▓.▓.▓ ▓.▓.....▓
▓.▓.▓.▓ ▓.▓▓▓▓▓▓▓▓▓▓


There were no monsters in sight!

Vanquished Creatures
  An orc wizard (D:3)
  An adder (D:2)
  2 oozes (D:3)
  3 giant geckos
  3 orcs (D:3)
  A ball python (D:1)
  8 bats
  2 giant cockroaches (D:2)
  5 goblins
  3 hobgoblins (D:2)
  5 jackals (D:1)
  4 kobolds
  A quokka (D:2)
  5 giant newts
  8 rats
52 creatures vanquished.

Vanquished Creatures (others)
  A quokka (D:3)
1 creature vanquished.

Grand Total: 53 creatures vanquished

Notes
Turn   | Place    | Note
--------------------------------------------------------------
     0 | D:1      | utis the Centaur Chaos Knight began the quest for the Orb.
     0 | D:1      | Reached XP level 1. HP: 19/19 MP: 1/1
    54 | D:1      | XOM: divination: magic mapping
    68 | D:1      | XOM: harmless Conj miscast
   212 | D:1      | Reached XP level 2. HP: 26/26 MP: 2/2
   812 | D:2      | Reached skill level 1 in Short Blades
   871 | D:2      | Reached XP level 3. HP: 31/31 MP: 3/3
  1224 | D:2      | XOM: god gift: war axe {god gift}
  1558 | D:2      | XOM: give mutations
  1558 | D:2      | Gained mutation: Your mind is acute. (Int +2) [Xom's grace]
  1558 | D:2      | Gained mutation: You passively map a small area around you. [Xom's grace]
  2185 | D:3      | Reached XP level 4. HP: 38/38 MP: 4/4
  2297 | D:3      | XOM: enchant monster (bad)
  2313 | D:3      | XOM: chaos upgrade
  2527 | D:2      | Quit the game

Vault maps used:
D:1:      minmay_arrival_wavy_path, minivault_23,
          corexii_item_surrounded_by_moat, hex_large
D:3:      elyvilon_altar_4

Action                   |  1- 3 |  4- 6 || total
-------------------------+-------+-------++-------
Melee: Mace              |    44 |       ||    44
       Dagger            |    83 |    27 ||   110
Throw: Stone             |     1 |       ||     1
  Use: Scroll            |     8 |       ||     8
  Eat: Chunk             |     2 |     1 ||     3
